 Dungeon Crawl Stone Soup version 0.23-a0-641-g0a7f1ce553 (webtiles) character file.

1965 HereIgoKillingAgain the Covert (level 9, -10/40 HPs)
             Began as a Spriggan Enchanter on Dec 30, 2018.
             Was an Initiate of Nemelex Xobeh.
             Shot with a sling bullet by Joseph (25 damage)
             ... on level 7 of the Dungeon.
             The game lasted 00:12:48 (6252 turns).

HereIgoKillingAgain the Covert (Spriggan Enchanter) Turns: 6252, Time: 00:12:49

Health: -10/40     AC:  6    Str:  7    XL:     9   Next: 0%
Magic:  10/20      EV: 24    Int: 17    God:    Nemelex Xobeh [......]
Gold:   144        SH:  0    Dex: 21    Spells: 15/21 levels left

rFire    . . .     SeeInvis +   A - +1 quick blade
rCold    . . .     Gourm    .   (shield restricted)
rNeg     . . .     Faith    .   b - +1 robe
rPois    .         Spirit   .   (helmet restricted)
rElec    .         Reflect  .   t - +2 cloak
rCorr    .         Harm     .   (gloves unavailable)
MR       +....                  (boots unavailable)
Stlth    +++++++...             g - amulet of magic regeneration
HPRegen  0.13/turn              c - ring of flight
MPRegen  0.42/turn              (no ring)

@: agile, very quick
A: very small, unfitting armour, see invisible, herbivore, speed 3, slow
metabolism 2
a: Draw Escape, Draw Destruction, Draw Summoning, Renounce Religion, Evoke
Flight


You were on level 7 of the Dungeon.
You worshipped Nemelex Xobeh.
Nemelex Xobeh was noncommittal.
You were hungry.

You visited 2 branches of the dungeon, and saw 8 of its levels.

You collected 244 gold pieces.
You spent 100 gold pieces at shops.

Inventory:

Hand Weapons
 a - a +1 dagger
 A - a +1 quick blade (weapon)
Armour
 b - a +1 robe (worn)
 t - a +2 cloak (worn)
Jewellery
 c - a ring of flight (left hand)
 g - an amulet of magic regeneration (around neck)
 B - a cursed amulet of inaccuracy {unknown}
Wands
 x - a wand of iceblast (9)
Scrolls
 e - a scroll of identify
 f - a scroll of immolation {unknown}
 h - a scroll of brand weapon {unknown}
 i - 2 scrolls of fear {unknown}
 j - 3 scrolls of remove curse {unknown}
 k - 2 scrolls of blinking {unknown}
 m - 10 scrolls of teleportation
 o - a scroll of amnesia {unknown}
 q - 2 scrolls of magic mapping {unknown}
 u - a scroll of enchant armour
 y - a scroll of fog {unknown}
Potions
 l - 5 potions of curing
 n - a potion of agility
 p - 3 potions of brilliance
 r - a potion of lignification
 s - 2 potions of flight
 v - a potion of haste
 w - a potion of resistance
 z - a potion of degeneration
Comestibles
 d - 6 rations


   Skills:
 + Level 0.5 Fighting
 + Level 1.5 Short Blades
 + Level 3.3 Dodging
 * Level 13.1 Stealth
 - Level 6.9 Spellcasting
 - Level 7.8 Hexes
 + Level 0.6 Invocations
 + Level 1.0 Evocations


You had 15 spell levels left.
You knew the following spells:

 Your Spells              Type           Power        Failure   Level  Hunger
a - Ensorcelled Hibernat  Hex/Ice        ###...       3%          2    None
b - Confuse               Hex            ####....     1%          3    ##.....
c - Corona                Hex            ####...      1%          1    None

Your spell library contained the following spells:

 Spells                   Type           Power        Failure   Level  Hunger
 Slow                     Hex            ####....     1%          2    None
 Tukima's Dance           Hex            ####....     1%          3    ##.....
 Cause Fear               Hex            ####......   4%          4    ####...
 Dazzling Spray           Conj/Hex       ###...       7%          3    ##.....
 Inner Flame              Hex/Fire       ###.....     7%          3    ##.....
 Portal Projectile        Hex/Tloc       ###...       7%          3    ##.....
 Summon Guardian Golem    Hex/Summ       ###.....     7%          3    ##.....
 Summon Small Mammal      Summ           #...         12%         1    None
 Call Imp                 Summ           #.......     19%         2    None
 Leda's Liquefaction      Hex/Erth       ###.......   24%         4    ####...
 Call Canine Familiar     Summ           #.......     34%         3    ##.....
 Summon Ice Beast         Ice/Summ       #.......     75%         4    ####...
 Summon Lightning Spire   Summ/Air       #.......     75%         4    ####...


Dungeon Overview and Level Annotations

Branches:
Dungeon (7/15)             Temple (1/1) D:7

Altars:
Ashenzari
Cheibriados
Dithmenos
Elyvilon
Fedhas
Gozag
Hepliaklqana
Kikubaaqudgha
Makhleb
Nemelex Xobeh
Okawaru
Qazlal
Ru
Sif Muna
Trog
Uskayaw
Vehumet
Xom
Yredelemnul
Zin
The Shining One

Shops:
D:4 =   D:6 *

Annotations:
D:7 Joseph


Innate Abilities, Weirdness & Mutations

You are very small and have problems with some larger weapons.
You are too small for most types of armour.
You have supernaturally acute eyesight. (SInv)
You are a herbivore.
You cover ground extremely quickly.
You need to consume almost no food.


Message History

You kill the orc wizard!
Your Evocations skill increases to level 1!
You have reached level 9!
Your experience leads to an increase in your attributes!
Your base attributes are Str 6, Int 17, Dex 16.
Increase (S)trength, (I)ntelligence, or (D)exterity?
You feel stronger.
Joseph shoots a sling bullet.
The sling bullet hits you!
Things that are here:
a sling bullet; a +0 dagger; a +0 robe
Casting: Ensorcelled Hibernation (safe; 3% risk of failure)
Confirm with . or Enter, or press ? or * to list all spells.
Aiming: Ensorcelled Hibernation (safe; 3% risk of failure)
Press: ? - help, Shift-Dir - straight line, f - Joseph
Aim: Joseph, wielding a +0 hunting sling, wearing a +0 leather armour and Joseph easily resists.
Joseph shoots a sling bullet.
The sling bullet hits you!!
Ouch! That really hurt!
You die...
Your body disappears without a glow.

..# #......# #...># #.#
#....#.#####.# ..#
#.#..@....##.# ..#
#..()#.##.##†## #. ###
#.([).......†.###....
####.##...##.##......#
#......(.@##.###.###.#
#.##......(...†...#
##.##.#...##@###†..###
#####.....#...##(#.......#
..............##.#.......#
###....#.##..###.#.......#
###.>.........##.......###
#.....##......####<#...#
#.#..###......##.......#
..............##.....#.#
#....####.....##.....#.#


You could see Joseph.

Vanquished Creatures
  An ice beast (D:6)
  3 centaurs
  4 ogres
  2 bullfrogs
  Blork the orc (D:6)
  3 scorpions
  A howler monkey (D:5)
  A bullfrog zombie (D:7)
  5 orc priests
  Crazy Yiuf (D:4)
  4 hounds
  A jelly (D:5)
  A centaur skeleton (D:6)
  An iguana (D:4)
  4 worker ants
  5 orc wizards
  A hound skeleton (D:4)
  7 gnolls
  7 adders
  2 shadow imps
  2 oozes
  6 leopard geckos
  16 orcs
  2 bats (D:3)
  10 giant cockroaches
  5 goblins
  6 hobgoblins
  7 jackals
  A quokka (D:2)
  A ball python (D:3)
  6 frilled lizards
  3 kobolds (D:3)
  5 rats
125 creatures vanquished.

Notes
Turn   | Place    | Note
-------+----------+-------------------------------------------
     0 | D:1      | HereIgoKillingAgain the Spriggan Enchanter began the quest
                  | for the Orb.
     0 | D:1      | Reached XP level 1. HP: 9/9 MP: 5/5
   239 | D:1      | Reached skill level 5 in Stealth
   313 | D:1      | Reached XP level 2. HP: 13/13 MP: 6/6
   596 | D:1      | Found a snail-covered altar of Cheibriados.
  1125 | D:3      | Reached XP level 3. HP: 16/16 MP: 8/8
  1137 | D:2      | Learned a level 3 spell: Confuse
  1140 | D:2      | Learned a level 2 spell: Ensorcelled Hibernation
  1148 | D:2      | Reached skill level 6 in Stealth
  1782 | D:3      | Found a glowing silver altar of Zin.
  2282 | D:3      | Found a hazy altar of Hepliaklqana.
  2454 | D:3      | Reached XP level 4. HP: 21/21 MP: 9/9
  2567 | D:4      | Reached skill level 7 in Stealth
  2615 | D:4      | Reached skill level 5 in Hexes
  2615 | D:4      | Reached XP level 5. HP: 24/24 MP: 4/11
  2813 | D:4      | Found a blossoming altar of Fedhas.
  2878 | D:4      | Reached skill level 8 in Stealth
  2879 | D:4      | Noticed an ogre
  2891 | D:4      | Killed an ogre
  2891 | D:4      | Reached XP level 6. HP: 28/28 MP: 9/13
  2969 | D:4      | Found Kemp's Jewellery Shoppe.
  3071 | D:4      | Found a runed door.
  3400 | D:4      | Noticed Crazy Yiuf
  3404 | D:4      | Killed Crazy Yiuf
  3500 | D:5      | Entered Level 5 of the Dungeon
  3541 | D:5      | Reached skill level 9 in Stealth
  3627 | D:5      | Reached XP level 7. HP: 30/32 MP: 7/14
  3719 | D:5      | Reached skill level 10 in Stealth
  3719 | D:5      | Reached skill level 5 in Spellcasting
  4263 | D:5      | Reached skill level 11 in Stealth
  4395 | D:5      | Reached XP level 8. HP: 17/36 MP: 1/17
  5052 | D:6      | Noticed Blork the orc
  5058 | D:6      | Killed Blork the orc
  5302 | D:6      | Reached skill level 12 in Stealth
  5472 | D:6      | Found Zoaxtu's Lightly-Used Armoury.
  5476 | D:6      | Bought a -1 quick blade for 100 gold pieces
  5912 | D:7      | Found a staircase to the Ecumenical Temple.
  5916 | D:7      | Reached skill level 13 in Stealth
  5934 | Temple   | Entered the Ecumenical Temple
  5950 | Temple   | Became a worshipper of Nemelex Xobeh the Trickster
  6103 | D:7      | Received a gift from Nemelex Xobeh
  6225 | D:7      | Noticed Joseph
  6249 | D:7      | Reached skill level 1 in Evocations
  6249 | D:7      | Reached XP level 9. HP: 23/40 MP: 11/20
  6252 | D:7      | Shot with a sling bullet by Joseph

Vault maps used:
D:1:      eino_arrival_water_star, cheibriados_altar_1
D:2:      serial_forest, infiniplex_forest_clump_diagonal,
          infiniplex_forest_straight_2, infiniplex_forest_pool,
          infiniplex_forest_clump_medium, infiniplex_forest_clump_diagonal,
          infiniplex_forest_zigzag_2, infiniplex_forest_clump_diagonal
D:3:      marbit_many_paths, overflow_temple_1_default,
          minmay_misc_feat_columns, minivault_19
D:4:      serial_forest, infiniplex_forest_end_3, infiniplex_forest_zigzag_1,
          infiniplex_forest_clump_small, infiniplex_forest_clump_diagonal,
          infiniplex_forest_clump_small, infiniplex_forest_join,
          infiniplex_forest_clump_double, serial_shops, shop, fedhas_altar_1,
          uniq_crazy_yiuf_cottage
D:5:      first_ration
D:6:      lemuel_ice_spiral_2, minmay_shop_damaged, uniq_blork_the_orc
D:7:      minmay_temple_entry_water_ring, grunt_livestock, uniq_joseph
Temple:   nicolae_temple_no_exploring_needed

Skill      XL: |  1  2  3  4  5  6  7  8 |
---------------+-------------------------+-----
Stealth        | 5 6 7 8 9 11 13 | 13.1
Hexes          | 4 5 6 7 |  7.8
Spellcasting   | 3 4 5 6 |  6.9
Evocations     | 1 |  1.0
Fighting       | |  0.5
Short Blades   | |  1.5
Dodging        | |  3.3
Invocations    | |  0.6

Action                   |  1- 3 |  4- 6 |  7- 9 || total
-------------------------+-------+-------+-------++-------
Melee: Dagger            |   209 |    76 |    57 ||   342
       Quick blade       |       |       |    59 ||    59
 Cast: Ensorcelled Hiber |    23 |    24 |    59 ||   106
       Confuse           |     1 |       |     8 ||     9
       Corona            |       |       |     1 ||     1
  Use: Scroll            |     1 |       |    12 ||    13
       Potion            |       |       |     4 ||     4
 Stab: Sleeping          |    26 |    19 |    49 ||    94
       Confused          |       |       |     3 ||     3
  Eat: Ration            |       |     2 |     1 ||     3
Armor: Robe              |    33 |    10 |    13 ||    56
       Skin              |       |       |    54 ||    54
Dodge: Dodged            |   202 |    64 |    82 ||   348

Table legend:
 A = Non-vault XP
 B = Vault XP
 C = Vault XP percentage of total XP
 D = Non-vault monster count
 E = Vault monster count
 F = Vault count percentage of total count
                 A         B        C        D         E       F
            +---------+---------+-------+---------+---------+-------
      Total |    2672 |     136 |   4.8 |     122 |       3 |   2.4
            +---------+---------+-------+---------+---------+-------
        D:1 |      25 |       0 |   0.0 |      12 |       0 |   0.0
        D:2 |      28 |       0 |   0.0 |      14 |       0 |   0.0
        D:3 |      80 |       2 |   2.4 |      22 |       1 |   4.3
        D:4 |     349 |      40 |  10.3 |      14 |       1 |   6.7
        D:5 |    1046 |       0 |   0.0 |      23 |       0 |   0.0
        D:6 |     736 |      94 |  11.3 |      18 |       1 |   5.3
        D:7 |     408 |       0 |   0.0 |      19 |       0 |   0.0
            +---------+---------+-------+---------+---------+-------
